 Dungeon Crawl Stone Soup version 0.25.1-8-g42b30a86e7 (webtiles) character file.

Game seed: 3417550559719358188

76 gruber the Grave Robber (level 4, 30/30 HPs)
             Began as a Demonspawn Necromancer on Dec 21, 2020.
             Quit the game on level 2 of the Dungeon.
             The game lasted 00:01:41 (2757 turns).

gruber the Grave Robber (Demonspawn Necromancer)    Turns: 2757, Time: 00:01:42

Health: 30/30      AC:  2    Str:  9    XL:     4   Next: 12%
Magic:  7/7        EV: 14    Int: 17    God:
Gold:   112        SH:  0    Dex: 13    Spells: 6/7 levels left

rFire    . . .     SeeInvis .   (no weapon)
rCold    . . .     Gourm    .   (no shield)
rNeg     . . .     Faith    .   a - +0 robe
rPois    .         Spirit   .   (no helmet)
rElec    .         Reflect  .   (no cloak)
rCorr    .         Harm     .   (no gloves)
MR       .....                  (no boots)
Stlth    ++........             (no amulet)
HPRegen  0.10/turn              (no ring)
MPRegen  0.10/turn              (no ring)

@: no status effects
A: repulsion field 1, demonic guardian 1
a: no special abilities


You were on level 2 of the Dungeon.
You were hungry.

You visited 1 branch of the dungeon, and saw 2 of its levels.

You collected 112 gold pieces.

Inventory:

Missiles
 g - 4 curare-tipped darts (quivered)
 i - 4 javelins
Armour
 a - a +0 robe (worn)
Jewellery
 b - an uncursed ring of ice
 f - a cursed ring of teleportation {unknown}
Scrolls
 d - a scroll of identify {unknown}
 k - a scroll of magic mapping {unknown}
Potions
 e - a potion of mutation {unknown}
 h - a potion of curing {unknown}
 j - a potion of cancellation {unknown}
 m - a potion of haste {unknown}
Comestibles
 c - 4 rations


   Skills:
 - Level 1.7 Dodging
 - Level 1.7 Stealth
 - Level 2.0 Spellcasting
 + Level 6.2 Necromancy


You had 6 spell levels left.
You knew the following spells:

 Your Spells              Type           Power        Failure   Level  Hunger
a - Pain                  Necr           ###.         1%          1    #......

Your spell library contained the following spells:

 Spells                   Type           Power        Failure   Level  Hunger
 Animate Skeleton         Necr           N/A          1%          1    #......
 Vampiric Draining        Necr           ###.......   4%          3    ###....
 Animate Dead             Necr           N/A          14%         4    #####..
 Agony                    Necr           ###.....     38%         5    ######.


Dungeon Overview and Level Annotations

Branches:
Dungeon (2/15)

Altars:
Nemelex Xobeh


Innate Abilities, Weirdness & Mutations

You are surrounded by a mild repulsion field. (EV +2)
A weak demonic guardian rushes to your aid.


Message History

You feel stronger.
Your demonic ancestry asserts itself...
You begin to radiate repulsive energy.
You feel sick.
Unknown command.
You feel sick.
You feel sick.
You feel sick.
You feel sick.
You are no longer poisoned.
You butcher the adder corpse.
l - a chunk of flesh You see here an adder skeleton. x2
Eating a chunk of flesh.
You eat the chunk of flesh.
This raw flesh tastes terrible.
You are feeling hungry.
Done exploring.
Done exploring.
Done exploring.
Done exploring.
Are you sure you want to abandon this character and quit the game? (Confirm with "yes".)

#...........###......
##...####...# #......
#...# #...# #......
#...# #...# ####...
#...####...# #...
#..........# #...
###.........#######+##
#....................#
#....@######..........
#.....# #..........
#.....# #..........
#.....# ########.#.
#.....# ###.#. #.....#
#..... #.....# #.##..
####### #.##.< #....#


There were no monsters in sight!

Vanquished Creatures
  3 adders (D:2)
  An ooze (D:2)
  A worm (D:2)
  2 dart slugs (D:1)
  A leopard gecko (D:2)
  An orc (D:2)
  5 bats (D:1)
  A giant cockroach (D:1)
  4 goblins
  5 hobgoblins (D:1)
  A ball python (D:1)
  6 frilled lizards
  2 kobolds (D:2)
  3 rats
36 creatures vanquished.

Notes
Turn   | Place    | Note
-------+----------+-------------------------------------------
     0 | D:1      | gruber the Demonspawn Necromancer began the quest for the
                  | Orb.
     0 | D:1      | Reached XP level 1. HP: 13/13 MP: 3/3
   555 | D:1      | Gained mutation: A weak demonic guardian rushes to your
                  | aid. [demonic ancestry]
   555 | D:1      | Reached XP level 2. HP: 19/19 MP: 3/5
   669 | D:1      | Reached skill level 5 in Necromancy
  1517 | D:2      | Reached XP level 3. HP: 24/24 MP: 4/6
  2020 | D:2      | Reached skill level 6 in Necromancy
  2121 | D:2      | Found a sparkling altar of Nemelex Xobeh.
  2607 | D:2      | Gained mutation: You are surrounded by a mild repulsion
                  | field. (EV +2) [demonic ancestry]
  2607 | D:2      | Reached XP level 4. HP: 24/30 MP: 2/7
  2757 | D:2      | Quit the game

Illustrated notes

Levels and vault maps discovered:
D:1:      giann_bridges, layout_loops_corners
D:2:      minmay_wonky_spiral, layout_basic, nemelex_dance_club_becter

Skill      XL: |  1  2  3 |
---------------+----------+-----
Necromancy     | 5 6 |  6.2
Dodging        | |  1.7
Stealth        | |  1.7
Spellcasting   | |  2.0

Action                   |  1- 3 |  4- 6 || total
-------------------------+-------+-------++-------
Melee: Unarmed           |     4 |       ||     4
 Cast: Pain              |    67 |     1 ||    68
  Eat: Chunk             |     5 |     1 ||     6
Armor: Robe              |     6 |       ||     6
Dodge: Dodged            |    18 |       ||    18
